 Dungeon Crawl Stone Soup version 0.24-a0-203-gf0bc1e9 (webtiles) character file.

Game seed: 15258866937940591979

3014 Ijustatesigmund the Cleaver (level 9, 0/61 HPs)
             Began as an Octopode Fighter on Mar 26, 2019.
             Was a Follower of Cheibriados.
             Slain by a wight
             ... wielding a +4 halberd of freezing
              (3 damage)
             ... on level 7 of the Dungeon.
             The game lasted 00:14:11 (7756 turns).

Ijustatesigmund the Cleaver (Octopode Fighter)      Turns: 7756, Time: 00:14:11

Health: 0/61       AC:  4    Str: 18    XL:     9   Next: 85%
Magic:  12/12      EV: 14    Int: 13    God:    Cheibriados [*.....]
Gold:   401        SH: 11    Dex: 18    Spells: 8/8 levels left

rFire    . . .     SeeInvis +   a - +0 war axe
rCold    . . .     Gourm    .   b - +1 shield
rNeg     + . .     Faith    .   (helmet restricted)
rPois    .         Spirit   .   (no amulet)
rElec    .         Reflect  .   i - ring of resist corrosion
rCorr    +         Harm     .   k - +3 ring of protection
MR       .....                  j - ring of see invisible
Stlth    ++++......             o - ring of positive energy
HPRegen  0.20/turn              (no ring)
MPRegen  0.13/turn              (no ring)
                                (no ring)
                                (no ring)

@: lightly drained, very slow
A: almost no armour, stealthy swim, amphibious, 8 rings, constrict 8, camouflage
1, gelatinous body 1
a: Bend Time, Renounce Religion


You were on level 7 of the Dungeon.
You worshipped Cheibriados.
Cheibriados was aware of your devotion.
You were not hungry.

You visited 2 branches of the dungeon, and saw 8 of its levels.
You also visited: Sewer.

You collected 401 gold pieces.

Inventory:

Hand Weapons
 a - a +0 war axe (weapon)
 e - a +4 whip of flaming
Armour
 b - a +1 shield (worn)
Jewellery
 i - a ring of resist corrosion (left tentacle)
 j - a ring of see invisible (on tentacle)
 k - a +3 ring of protection (right tentacle)
 o - a ring of positive energy (on tentacle)
Wands
 u - a wand of digging (5)
Scrolls
 f - 2 scrolls of fear
 n - 6 scrolls of remove curse
 r - 7 scrolls of teleportation
 t - a scroll of amnesia
 x - a scroll of fog
 y - 3 scrolls of magic mapping
Potions
 c - 3 potions of lignification
 g - 2 potions of curing
 h - a potion of agility
 l - 3 potions of invisibility
 m - 2 potions of flight
 p - a potion of brilliance {unknown}
 q - a potion of berserk rage
 s - 2 potions of mutation {unknown}
Comestibles
 d - 18 rations
 v - 5 chunks of flesh


   Skills:
 + Level 5.4(5.1) Fighting
 - Level 9.4(9.0) Axes
 + Level 5.4(5.1) Dodging
 - Level 4.4(4.1) Stealth
 + Level 5.4(5.1) Shields
 * Level 4.6(4.3) Invocations


You had 8 spell levels left.
You didn't know any spells.
Your spell library contained the following spells:

 Spells                   Type           Power        Failure   Level  Hunger
 Sandblast                Erth           #.....       73%         1    ##.....
 Passwall                 Tmut/Erth      #.......     86%         2    ###....
 Stone Arrow              Conj/Erth      #.....       97%         3    ####...
 Petrify                  Tmut/Erth      #.......     100%        4    #####..
 Lee's Rapid Deconstruct  Erth           #.........   100%        5    ######.


Dungeon Overview and Level Annotations

Branches:
Dungeon (7/15)             Temple (1/1) D:5

Altars:
Ashenzari
Cheibriados
Dithmenos
Elyvilon
Fedhas
Gozag
Kikubaaqudgha
Makhleb
Nemelex Xobeh
Okawaru
Qazlal
Ru
Sif Muna
Trog
Uskayaw
Wu Jian
Xom
Yredelemnul
Zin
The Shining One

Shops:
D:5 }


Innate Abilities, Weirdness & Mutations

You cannot wear most types of armour.
You are very stealthy in the water. (Stealth+)
You are amphibious.
You can wear up to eight rings at the same time.
You can use your tentacles to constrict eight enemies at once.
Your skin changes colour to match your surroundings (Stealth+).
Your rubbery body absorbs attacks. (AC +1, EV +1)


Message History

You partially resist.
You feel drained. The wight freezes you.
A kobold comes into view. It is wielding a +0 short sword.
You feel better.
The wight hits you from afar with a +4 halberd of freezing!
You partially resist.
You feel drained. The wight freezes you. You block the wight's attack.
Things that are here:
a +5 flail; a +0 robe You hit the wight but do no damage.
You grab the wight.
You squeeze the wight, but do no damage.
You constrict the wight.
The wight hits you with a +4 halberd of freezing!
* * * LOW HITPOINT WARNING * * *
The wight freezes you!
* * * LOW HITPOINT WARNING * * *
You feel better.
You constrict the wight.
The wight hits you with a +4 halberd of freezing!
* * * LOW HITPOINT WARNING * * *
The wight freezes you.
You die...

############# .............
### # ########..... ..#.#
#.#### #####.#K# #...##
#...K.).# ###.#..#
###.###K####### #......#
.......KKz@..(# ##......#
.##.###.#####.# #..._...#
#.##.###.# #.# #.......#
.........# #.# ##..[...##
<#####.## #.####..#...## #.#
#.........#..#
#.#####.######(#######....#
#..............(....###.#.##
####..#.#......(....###.#...


You could see a wight and 3 kobolds.

Vanquished Creatures
  Pikel (D:4)
  Sigmund (D:4)
  Eustachio (D:4)
  Menkaure (D:6)
  An ice beast (D:6)
  An orc warrior (D:6)
  2 phantoms (D:4)
  2 slaves (D:5)
  3 ogres
  5 centaurs
  A crocodile (Sewer)
  A big kobold (D:7)
  2 bullfrogs (D:7)
  2 scorpions
  2 wights (D:7)
  2 crimson imps
  A bullfrog skeleton (D:6)
  4 hounds
  A gnoll shaman (D:6)
  An iguana (D:6)
  5 worker ants
  A hound skeleton (D:4)
  A worker ant zombie (D:6)
  6 gnolls
  8 adders
  2 oozes
  An adder skeleton (D:4)
  5 worms
  2 dart slugs
  2 leopard geckos
  10 orcs
  14 bats
  A bat zombie (D:2)
  5 giant cockroaches
  11 goblins
  10 hobgoblins
  13 jackals
  16 kobolds
  4 quokkas
  A ball python (D:1)
  6 frilled lizards
  A leopard gecko skeleton (D:5)
  A quokka zombie (D:5)
  4 rats
165 creatures vanquished.

Vanquished Creatures (collateral kills)
  A quokka (D:5)
1 creature vanquished.

Grand Total: 166 creatures vanquished

Notes
Turn   | Place    | Note
-------+----------+-------------------------------------------
     0 | D:1      | Ijustatesigmund the Octopode Fighter began the quest for
                  | the Orb.
     0 | D:1      | Reached XP level 1. HP: 16/16 MP: 1/1
   380 | D:1      | Reached XP level 2. HP: 16/21 MP: 2/2
   427 | D:1      | Reached skill level 3 in Axes
   823 | D:1      | Reached XP level 3. HP: 24/26 MP: 3/3
  1157 | D:2      | Reached skill level 4 in Axes
  1170 | D:2      | Reached XP level 4. HP: 10/31 MP: 4/4
  1511 | D:2      | Found a sparkling altar of Nemelex Xobeh.
  1523 | D:2      | Found a shimmering altar of Xom.
  1550 | D:2      | Found a snail-covered altar of Cheibriados.
  1553 | D:2      | Found a sacrificial altar of Ru.
  1564 | D:2      | Found a shadowy altar of Dithmenos.
  1794 | D:2      | Found a stormy altar of Qazlal.
  1880 | D:2      | Found a blossoming altar of Fedhas.
  1890 | D:2      | Found a basalt altar of Yredelemnul.
  1894 | D:2      | Found an iron altar of Okawaru.
  2071 | D:2      | Found an ancient bone altar of Kikubaaqudgha.
  2146 | D:3      | Reached skill level 5 in Axes
  2153 | D:3      | Reached XP level 5. HP: 35/36 MP: 5/5
  2208 | D:3      | Noticed a centaur
  2219 | D:3      | Killed a centaur
  2219 | D:3      | Reached skill level 6 in Axes
  2219 | D:3      | Reached XP level 6. HP: 8/42 MP: 6/6
  2951 | D:4      | Noticed a phantom
  2953 | D:4      | Noticed a phantom
  2965 | D:4      | Killed a phantom
  2965 | D:4      | Reached skill level 7 in Axes
  2965 | D:4      | Reached XP level 7. HP: 41/46 MP: 7/7
  3137 | D:4      | Noticed Sigmund
  3147 | D:4      | Killed Sigmund
  3147 | D:4      | Reached skill level 8 in Axes
  3209 | D:4      | Found a glowing drain.
  3209 | D:4      | Noticed Eustachio
  3220 | D:4      | Killed Eustachio
  3220 | D:4      | Reached skill level 9 in Axes
  3220 | D:4      | Reached XP level 8. HP: 45/52 MP: 8/8
  3241 | Sewer    | Entered a sewer
  3888 | D:5      | Entered Level 5 of the Dungeon
  3889 | D:5      | Found a staircase to the Ecumenical Temple.
  4003 | D:5      | Reached skill level 1 in Stealth
  4062 | D:5      | Noticed Pikel
  4446 | D:4      | Killed Pikel
  4589 | D:5      | Found a glowing silver altar of Zin.
  4704 | D:5      | Found Xuin's Gadget Boutique.
  4992 | D:5      | Reached XP level 9. HP: 56/58 MP: 9/9
  5361 | D:5      | Found an ornate altar of the Wu Jian Council.
  5535 | Temple   | Entered the Ecumenical Temple
  5952 | D:2      | Became a worshipper of Cheibriados the Contemplative
  6145 | D:6      | Reached skill level 1 in Invocations
  6446 | D:6      | Noticed Menkaure
  6451 | D:6      | Killed Menkaure
  6672 | D:6      | Reached skill level 5 in Fighting
  6672 | D:6      | Reached skill level 5 in Dodging
  6672 | D:6      | Reached skill level 5 in Shields
  6826 | D:6      | Reached * piety under Cheibriados
  7416 | D:7      | Found an opulent altar of Gozag.
  7756 | D:7      | HP: 3/61 [wight/+4 halberd of freezing (11)]
  7756 | D:7      | Slain by a wight

Levels and vault maps discovered:
D:1:      wheals_arrival_linesprint, layout_rooms, minmay_3d_cube
D:2:      layout_rooms, lemuel_zombie_altar_kikubaaqudgha,
          nemelex_xobeh_ov_fountains_minmay, marbit_many_paths,
          grunt_temple_overflow_open, minmay_overflow_temple_star_quad,
          brannock_xom_greatest_gift
D:3:      layout_rooms, kennysheep_generic_room_3
D:4:      layout_loops_cross, cheibrodos_sewer_entry_bend, first_ration,
          uniq_sigmund, uniq_eustachio
D:5:      layout_layer_cave, zin_treasury, lemuel_round_altar,
          minmay_temple_entry_crystal_x, serial_shops,
          nicolae_shop_temple_entry_statues_fountains, uniq_pikel
D:6:      minmay_diamond_boxcup, layout_gridville, uniq_menkaure
D:7:      layout_loops_ring, basic_altar
Temple:   compressed_dpeg_triangle_lava_temple
Sewer:    sewer_the_crocodile

Skill      XL: |  1  2  3  4  5  6  7  8  9 |
---------------+----------------------------+-----
Axes           | 3 4 5 6 7 9 |  9.4
Stealth        | 4 |  4.4
Fighting       | 4 5 |  5.4
Dodging        | 4 5 |  5.4
Shields        | 4 5 |  5.4
Invocations    | 4 |  4.6

Action                   |  1- 3 |  4- 6 |  7- 9 || total
-------------------------+-------+-------+-------++-------
Melee: War axe           |    65 |   122 |   210 ||   397
       Tentacles         |     9 |    18 |    45 ||    72
       Constrict         |    12 |    24 |    38 ||    74
Evoke: Wand              |       |       |     1 ||     1
  Use: Scroll            |     5 |     6 |    11 ||    22
       Potion            |       |     2 |     5 ||     7
 Stab: Sleeping          |       |     4 |    17 ||    21
       Distracted        |       |       |     1 ||     1
  Eat: Chunk             |       |     7 |     7 ||    14
       Ration            |       |       |     2 ||     2
Armor: Skin              |    17 |    20 |    24 ||    61
Dodge: Dodged            |    42 |    57 |    89 ||   188
Block: Shield            |    32 |    62 |   104 ||   198

Table legend:
 A = Non-vault XP
 B = Vault XP
 C = Vault XP percentage of total XP
 D = Non-vault monster count
 E = Vault monster count
 F = Vault count percentage of total count
                 A         B        C        D         E       F
            +---------+---------+-------+---------+---------+-------
      Total |    2746 |    1560 |  36.2 |     140 |      24 |  14.6
            +---------+---------+-------+---------+---------+-------
        D:1 |      54 |       6 |  10.0 |      28 |       3 |   9.7
        D:2 |      88 |       4 |   4.3 |      26 |       2 |   7.1
        D:3 |     234 |       2 |   0.8 |      31 |       1 |   3.1
        D:4 |     439 |    1062 |  70.8 |      13 |       5 |  27.8
        D:5 |     508 |       0 |   0.0 |      13 |       0 |   0.0
        D:6 |     790 |     371 |  32.0 |      18 |       7 |  28.0
        D:7 |     633 |       0 |   0.0 |      11 |       0 |   0.0
      Sewer |       0 |     115 | 100.0 |       0 |       6 | 100.0
            +---------+---------+-------+---------+---------+-------
